 Dungeon Crawl Stone Soup version 0.30.1-4-g462c640d31 (webtiles) character file.

Game seed: 8224447957177280187

695 FishyPogo the Trooper (level 7, -3/44 HPs)
             Began as a Gargoyle Berserker on Sept 13, 2023.
             Was a Priest of Trog.
             Killed by divine providence
             ... invoked by an orc priest
              (11 damage)
             ... on level 5 of the Dungeon.
             The game lasted 00:08:24 (4047 turns).

FishyPogo the Trooper (Gargoyle Berserker)          Turns: 4047, Time: 00:08:24

Health: -3/44      AC:  8    Str: 22    XL:     7   Next: 64%
Magic:  9/9        EV: 12    Int:  8    God:    Trog [***...]
Gold:   347        SH:  0    Dex:  9    Spells: 6/6 levels left

rFire   . . .        a - +1 hand axe
rCold   . . .        (no shield)
rNeg    + . .        b - +0 animal skin
rPois   ∞            (no helmet)
rElec   +            n - +0 cloak
rCorr   .            (no gloves)
SInv    .            (no boots)
Will    .....        (no amulet)
Stlth   +            (no ring)
HPRegen 0.27/turn    (no ring)
MPRegen 0.11/turn

%: no passive effects
@: no status effects
A: sickness immunity, AC +4, negative energy resistance 1, electricity
resistance, torment resistance 1, petrification resistance
a: Renounce Religion, Berserk, Trog's Hand


You were on level 5 of the Dungeon.
You worshipped Trog.
Trog was most pleased with you.
You visited 1 branch of the dungeon, and saw 5 of its levels.
You also visited: Sewer.

You collected 347 gold pieces.

Inventory:

Hand Weapons
 a - a +1 hand axe (weapon)
Missiles
 f - 47 stones (quivered)
 i - a boomerang
 l - 12 poisoned darts
Armour
 b - a +0 animal skin (worn)
 d - a +0 scale mail
 n - a +0 cloak (worn)
Scrolls
 e - 2 scrolls of enchant weapon
 k - 2 scrolls of silence
 m - 2 scrolls of acquirement {unknown}
 p - a scroll of blinking
 q - 4 scrolls of identify
 r - a scroll of vulnerability
 s - a scroll of teleportation {unknown}
 t - a scroll of immolation {unknown}
 u - a scroll of noise {unknown}
 v - 2 scrolls of fog {unknown}
 w - a scroll of brand weapon {unknown}
Potions
 c - 2 potions of might {unknown}
 g - 3 potions of curing {unknown}
 h - 3 potions of cancellation {unknown}
 j - 4 potions of haste {unknown}
 o - a potion of magic {unknown}


   Skills:
 + Level 5.1 Fighting
 + Level 4.2 Axes
 + Level 4.4 Armour
 + Level 3.3 Dodging
 + Level 3.6 Invocations


You had 6 spell levels left.
You didn't know any spells.
Your spell library was empty.

Dungeon Overview and Level Annotations

Branches:
Dungeon (5/15)              Sewer (visited)
 Temple: D:4-7

Altars:
Uskayaw


Innate Abilities, Weirdness & Mutations

You are immune to sickness and miasma.
Your stone body is resilient. (AC +4)
You are immune to poison.
You resist negative energy. (rN+)
You are resistant to electric shocks. (rElec)
You are resistant to unholy torment.
You are immune to petrification.


Message History

The orc priest is moderately wounded.
You hit the orc wizard. The orc priest barely misses you.
The orc wizard hits you with a +1 dagger of venom.
You bump into the rock wall.
The orc priest hits you but does no damage.
The orc wizard hits you but does no damage.
You closely miss the orc wizard.
The orc wizard is severely wounded.
You completely miss the orc priest. The orc priest hits you with a +0 club.
The orc wizard hits you but does no damage.
You hit the orc priest.
The orc priest is moderately wounded.
You miss the orc wizard.
The orc priest hits you but does no damage.
The orc wizard misses you.
The orc priest attacks as you move away!
The orc priest hits you but does no damage.
You feel less confused.
You closely miss the orc priest.
The orc priest is moderately wounded.
The orc priest hits you with a +0 club.
You hit the orc priest.
The orc priest is heavily wounded.
The orc priest hits you but does no damage.
You barely miss the orc priest.
The orc priest is heavily wounded.
The orc priest barely misses you. The orc priest hits you with a +0 club.
You hit the orc priest.
The orc priest is almost dead.
The orc wizard casts a spell.
The orc wizard flickers and vanishes!
Deactivating autopickup; reactivate with Ctrl-A.
The orc priest invokes the aid of Beogh against you.
Beogh smites you!
* * * LOW HITPOINT WARNING * * *
You hit the orc priest.
The orc priest is almost dead.
The orc priest invokes the aid of Beogh against you.
Beogh smites you!
You die...

# .. ## .##
#...
##.###.##.....
#..#..{.......
#....#o#
#..@## ##..#
#.)# #.# #.#)#
#.# ..##)# #.#
### #.# #.#
#.# #.# #†#
#.# #.# #.#


You could see an orc priest.

Vanquished Creatures
  A phantom (D:5)
  A kobold brigand (Sewer)
  2 scorpions
  A vampire bat (D:3)
  A gnoll bouda (D:5)
  2 hounds
  11 gnolls
  3 adders
  2 worms
  A dart slug (D:4)
  3 fire bats (D:3)
  3 orcs
  2 spectral bats (D:3)
  3 bat skeletons (D:3)
  A bat zombie (D:3)
  5 endoplasms
  4 giant cockroaches
  4 hobgoblins
  3 quokkas (D:1)
  11 ball pythons
  14 bats
  A bat simulacrum (D:3)
  2 frilled lizards
  7 goblins
  18 kobolds
  5 rats
111 creatures vanquished.

Notes
Turn   | Place    | Note
-------+----------+-------------------------------------------
     0 | D:1      | FishyPogo the Gargoyle Berserker began the quest for the
                  | Orb.
     0 | D:1      | Reached XP level 1. HP: 14/14 MP: 1/1
   189 | D:1      | Reached XP level 2. HP: 19/19 MP: 2/2
   663 | D:1      | Reached skill level 1 in Invocations
   794 | D:2      | Reached XP level 3. HP: 23/23 MP: 3/3
  1119 | D:2      | Reached ** piety under Trog
  1535 | D:3      | Reached XP level 4. HP: 29/29 MP: 3/5
  1586 | D:3      | Reached skill level 4 in Fighting
  1586 | D:3      | Reached XP level 5. HP: 30/33 MP: 6/6
  1865 | D:3      | Found a glowing drain.
  1882 | Sewer    | Entered a sewer
  1972 | Sewer    | Noticed a kobold brigand
  1992 | Sewer    | Killed a kobold brigand
  1993 | Sewer    | Reached XP level 6. HP: 16/39 MP: 7/7
  2126 | Sewer    | Reached *** piety under Trog
  2988 | D:4      | Found a hide-covered altar of Uskayaw.
  3555 | D:5      | Entered Level 5 of the Dungeon
  3605 | D:5      | Reached XP level 7. HP: 27/44 MP: 9/9
  3795 | D:5      | Reached skill level 5 in Fighting
  4047 | D:5      | Killed from afar by an orc priest

Illustrated notes

Levels and vault maps discovered:
D:1:      dpeg_arrival_rhombus, layout_basic, minivault_27, st_stairs_5,
          minivault_25, kennysheep_minor_cross
D:2:      layout_loops_ring, nicolae_eternal_life, kennysheep_cross_room
D:3:      layout_basic, portal_sewer_entry_a, serial_rivers,
          chequers_serial_rivers_marsh, chequers_serial_rivers_micro_c,
          chequers_serial_rivers_micro_c, chequers_serial_rivers_small_b,
          goddamned_bats
D:4:      layout_basic, overflow_temple_1_default, minmay_misc_feat_tiny
D:5:      layout_loops_ring, zin_treasury

Skill      XL: |  1  2  3  4  5  6  7 |
---------------+----------------------+-----
Invocations    | 1 2 3 |  3.6
Axes           | 3 4 |  4.2
Dodging        | 2 3 |  3.3
Armour         | 3 4 |  4.4
Fighting       | 4 5 |  5.1

Action                     |  1- 3 |  4- 6 |  7- 9 || total
---------------------------+-------+-------+-------++-------
  Melee: Hand axe          |   105 |   216 |    85 ||   406
         Punch             |     1 |     4 |       ||     5
 Invoke: Berserk           |       |       |     2 ||     2
         Trog's Hand       |       |       |     1 ||     1
    Use: Scroll            |     7 |       |       ||     7
   Stab: Sleeping          |     1 |     2 |       ||     3
 Armour: Animal skin       |    41 |   110 |    38 ||   189
  Dodge: Dodged            |    75 |   196 |    63 ||   334
